[Event "Titled Tuesday Blitz May 16 Late 2023"]
[White "Sun, Rick"]
[Black "Jovic, Stanoje"]
[WhiteFideId "30909481"]
[BlackFideId "905020"]
[WhiteElo "2169"]
[BlackElo "2236"]
[Result "1-0"]
[Round "04"]
[TimeControl "180+2"]
[Date "2023.05.16"]
[WhiteClock "0:00:08"]
[BlackClock "0:00:00"]

1. d4 Nf6 2. Nc3 d5 3. Bf4 e6 4. e3 Bd6 5. Nf3 O-O 6. Bd3 b6 7. O-O c5 8. dxc5 bxc5 9. Bg5 c4 10. Be2 Bb7 11. e4 dxe4 12. Nd2 Qc7 13. h3 Bd5 14. Bxf6 gxf6 15. Ndxe4 Bh2+ 16. Kh1 Be5 17. Nxd5 exd5 18. Qxd5 Nd7 19. c3 Nb6 20. Qd2 Bf4 21. Nxf6+ Kh8 22. Qc2 Kg7 23. Nh5+ Kh8 24. Qf5 Be5 25. Nf6 Bxf6 26. Qxf6+ Kg8 27. Qg5+ Kh8 28. Qf6+ Kg8 29. Bf3 Rad8 30. Qg5+ Kh8 31. Qf6+ Kg8 32. Rad1 Nd7 33. Qg5+ Kh8 34. Qe7 Rfe8 35. Qxf7 Rf8 36. Qe7 Rfe8 37. Qh4 Ne5 38. Be4 Rxd1 39. Rxd1 Qg7 40. g3 Nd3 41. Bxd3 cxd3 42. Rxd3 Qb7+ 43. Kh2 Rf8 44. Qd4+ Kg8 45. Rd2 Qf7 46. a4 a5 47. b4 axb4 48. cxb4 Rc8 49. a5 Rc4 50. Qd8+ Kg7 51. Rd7 1-0


[Site "https://www.chess.com"]

[Event "Titled Tuesday Blitz May 16 Late 2023"]
[White "Altman, Joshua"]
[Black "Tsvetkov, Andrey"]
[WhiteFideId "426210"]
[BlackFideId "34139360"]
[WhiteElo "2028"]
[BlackElo "2296"]
[Result "0-1"]
[Round "04"]
[TimeControl "180+2"]
[Date "2023.05.16"]
[WhiteClock "0:00:12"]
[BlackClock "0:00:04"]

1. d4 Nf6 2. c4 e6 3. Nf3 d5 4. Nc3 c6 5. cxd5 exd5 6. Bg5 Be7 7. Qc2 g6 8. e3 Bf5 9. Bd3 Bxd3 10. Qxd3 Nbd7 11. Bh6 Ng4 12. Bf4 O-O 13. h3 Ngf6 14. O-O Nb6 15. Rfc1 Bd6 16. Ne5 Re8 17. Rab1 a5 18. a3 Qe7 19. Qc2 Nfd7 20. Nxd7 Qxd7 21. Bxd6 Qxd6 22. Na4 Nc4 23. Nc5 Qe7 24. Ra1 Rad8 25. b3 Nd6 26. Qc3 Qc7 27. b4 axb4 28. axb4 Nc4 29. Ra7 Rb8 30. Rca1 Qe7 31. b5 cxb5 32. Qb3 Qg5 33. Qxb5 Re7 34. Nd7 Rd8 35. Rxb7 Nd6 36. Rb8 Nxb5 37. Rxd8+ Kg7 38. Raa8 Rxd7 39. Rxd7 Qf5 40. Rdd8 Nc3 41. Ra7 Ne2+ 42. Kf1 Qd3 43. Ke1 Nc3 44. Ra2 Qd1# 0-1


[Site "https://www.chess.com"]

[Event "Titled Tuesday Blitz May 16 Late 2023"]
[White "Ozates, Tuna"]
[Black "Manelyuk, Daniil"]
[WhiteFideId "6354521"]
[BlackFideId "44173920"]
[WhiteElo "2151"]
[BlackElo "2259"]
[Result "0-1"]
[Round "04"]
[TimeControl "180+2"]
[Date "2023.05.16"]
[WhiteClock "0:00:05"]
[BlackClock "0:01:01"]

1. e4 c6 2. d4 d5 3. exd5 cxd5 4. c4 Nf6 5. Nc3 g6 6. cxd5 Bg7 7. Qb3 O-O 8. g3 Na6 9. Bg2 Qb6 10. Nge2 Qxb3 11. axb3 Nb4 12. O-O Rd8 13. d6 Rxd6 14. Bf4 Rd8 15. Rfd1 Nfd5 16. Nxd5 Nxd5 17. Be5 Be6 18. Bxg7 Kxg7 19. Nc3 a6 20. Ne4 b6 21. Rac1 Rac8 22. h3 h6 23. Bf1 Nb4 24. Rxc8 Bxc8 25. Nc3 Be6 26. d5 Bf5 27. Re1 Kf6 28. g4 Bc2 29. Bc4 b5 30. Bf1 Nxd5 31. Ra1 Nb4 32. Re1 e6 33. f4 Bxb3 34. Ne4+ Ke7 35. Nc5 Bc4 36. Bxc4 bxc4 37. Re4 Rd1+ 38. Kf2 Nd3+ 39. Kg3 Nxc5 0-1


[Site "https://www.chess.com"]

[Event "Titled Tuesday Blitz May 16 Late 2023"]
[White "Amburgy, Ryan"]
[Black "Sanchez Enriquez, Oscar Gerardo"]
[WhiteFideId "30924820"]
[BlackFideId "5106311"]
[WhiteElo "2134"]
[BlackElo "2387"]
[Result "0-1"]
[Round "04"]
[TimeControl "180+2"]
[Date "2023.05.16"]
[WhiteClock "0:00:19"]
[BlackClock "0:00:39"]

1. d4 e6 2. c4 b6 3. Nc3 Bb4 4. Qb3 a5 5. a3 Bxc3+ 6. Qxc3 Bb7 7. Nf3 d6 8. Bg5 Qd7 9. g3 h6 10. Bd2 Nf6 11. Bg2 Ne4 12. Qc2 f5 13. O-O O-O 14. Rfd1 Nc6 15. Bc3 Ne7 16. Nd2 Nxc3 17. Qxc3 Bxg2 18. Kxg2 f4 19. e4 fxe3 20. Qxe3 Nf5 21. Qe4 d5 22. cxd5 exd5 23. Qd3 Rae8 24. Re1 Qf7 25. Nf3 Qg6 26. Qd2 Re4 27. Rxe4 dxe4 28. Ne5 Qe6 29. Qc3 Qd5 30. Qc4 Qxc4 31. Nxc4 Nxd4 32. Nd2 e3 33. fxe3 Nc2 34. Rc1 Nxe3+ 35. Kg1 c5 36. Nc4 Nxc4 37. Rxc4 Rd8 38. Rc2 Rd4 39. Kf2 Kf7 40. Ke3 Ke6 41. Rf2 Kd5 42. Rc2 b5 43. Rc1 c4 44. Rc3 b4 45. axb4 axb4 46. Rc2 Rd3+ 47. Ke2 Kd4 48. Kf2 b3 49. Re2 c3 50. bxc3+ Kxc3 51. Re7 b2 52. Ke2 Rd2+ 53. Ke3 Rxh2 54. Rc7+ Kb3 55. Rb7+ Kc2 56. Rc7+ Kd1 57. Rf7 Re2+ 58. Kd4 b1=Q 0-1


[Site "https://www.chess.com"]

[Event "Titled Tuesday Blitz May 16 Late 2023"]
[White "Ezat, Mohamed"]
[Black "benny_aizenberg"]
[WhiteFideId "10600906"]
[WhiteElo "2386"]
[BlackElo "2680"]
[Result "1-0"]
[Round "04"]
[TimeControl "180+2"]
[Date "2023.05.16"]
[WhiteClock "0:00:21"]
[BlackClock "0:00:19"]

1. d4 f5 2. e4 fxe4 3. Nc3 Nf6 4. Bg5 Nc6 5. d5 Ne5 6. Qe2 Nf7 7. Bxf6 gxf6 8. Nxe4 Bg7 9. Nf3 f5 10. Nc3 c6 11. dxc6 bxc6 12. Qd2 Rb8 13. Bc4 d5 14. Bb3 e5 15. O-O e4 16. Nd4 Qf6 17. Nxc6 Qxc6 18. Ba4 Qxa4 19. Nxa4 d4 20. Nc5 O-O 21. b3 Rb5 22. Na4 Ne5 23. c4 Rb7 24. Kh1 d3 25. Nc3 Rd7 26. Nd5 Bb7 27. Rac1 Ng4 28. h3 Bh6 29. f4 exf3 30. Qxd3 fxg2+ 31. Kxg2 Ne3+ 32. Kh2 Bxd5 33. cxd5 Rxd5 34. Rg1+ Kf7 35. Rc7+ Ke6 36. Qa6+ Rd6 37. Rc6 Rd8 38. Rxd6+ Rxd6 39. Qc8+ Ke5 40. Qe8+ Kf4 41. Qh5 Ke4 42. Re1 Bf4+ 43. Kh1 Rd2 44. Qe8+ Kf3 45. Qc6+ Kg3 46. Rg1+ Kxh3 47. Qf3+ Kh4 48. Qxf4+ Ng4 49. Qxd2 1-0


[Site "https://www.chess.com"]

[Event "Titled Tuesday Blitz May 16 Late 2023"]
[White "Geivondian, Arman"]
[Black "Schekachikhin, Maksim"]
[WhiteFideId "24102032"]
[BlackFideId "24177830"]
[WhiteElo "2278"]
[BlackElo "2272"]
[Result "0-1"]
[Round "04"]
[TimeControl "180+2"]
[Date "2023.05.16"]
[WhiteClock "0:01:24"]
[BlackClock "0:00:17"]

1. e4 c5 2. Nf3 Nf6 3. e5 Nd5 4. b3 d6 5. exd6 Qxd6 6. Bb2 Nc6 7. Nc3 Nxc3 8. dxc3 Qxd1+ 9. Rxd1 Bd7 10. Kd2 O-O-O 11. Kc1 f6 12. Bd3 e5 13. Rhe1 Bg4 14. Be4 Rxd1+ 15. Rxd1 Kc7 16. h3 Bh5 17. g4 Bg6 18. Nd2 Be7 19. f3 Rd8 20. Nc4 Rxd1+ 21. Kxd1 Bxe4 22. fxe4 Nd8 23. Ne3 Bf8 24. Ke2 Ne6 25. Kf3 Kc6 26. Nd5 Nc7 27. c4 Ne6 28. c3 Ng5+ 29. Ke3 Nxh3 30. a4 Ng5 31. Ba3 Ne6 32. Kf3 Nc7 33. Bc1 Nxd5 34. cxd5+ Kd7 35. Be3 Bd6 36. g5 b6 37. c4 Ke7 38. Kg4 Kf7 39. gxf6 Kxf6 40. Bg5+ Kg6 41. Bd8 Kf7 42. Kf5 g6+ 43. Kg4 Bf8 44. a5 bxa5 45. Bxa5 Be7 46. Bd2 h5+ 47. Kh3 g5 48. Bc3 g4+ 49. Kg3 Bf6 50. Bd2 Kg6 51. Be3 Be7 52. Bd2 Bg5 53. Bxg5 Kxg5 54. Kg2 h4 55. Kf2 a5 56. Kg2 Kg6 57. Kf2 Kf6 58. Kg2 g3 59. Kh3 Kg5 60. Kg2 Kg4 61. d6 h3+ 62. Kg1 Kf3 63. d7 h2+ 64. Kh1 Kf2 65. d8=Q g2+ 66. Kxh2 g1=Q+ 67. Kh3 Qg3# 0-1


[Site "https://www.chess.com"]

[Event "Titled Tuesday Blitz May 16 Late 2023"]
[White "Czopor, Maciej"]
[Black "Przybylski, Wojciech"]
[WhiteFideId "21805431"]
[BlackFideId "1117599"]
[WhiteElo "2324"]
[BlackElo "2222"]
[Result "0-1"]
[Round "04"]
[TimeControl "180+2"]
[Date "2023.05.16"]
[WhiteClock "0:00:00"]
[BlackClock "0:01:05"]

1. c4 e5 2. Nc3 Nf6 3. e3 Be7 4. Nf3 Nc6 5. Qc2 O-O 6. a3 a5 7. Be2 Re8 8. O-O d6 9. h3 h6 10. d3 Be6 11. Rb1 Bf8 12. Re1 d5 13. cxd5 Nxd5 14. Bd2 Qd7 15. Ne4 Qe7 16. Rec1 Kh8 17. Nc5 Bc8 18. Bf1 f5 19. e4 fxe4 20. Nxe4 Nf4 21. Be3 Qf7 22. Nfd2 Bf5 23. Kh2 Qg6 24. Qb3 Bc8 25. Qb5 a4 26. Bc5 Ra5 0-1


[Site "https://www.chess.com"]

[Event "Titled Tuesday Blitz May 16 Late 2023"]
[White "Domingo Nunez, Ruben"]
[Black "ElDivis"]
[WhiteFideId "22245570"]
[WhiteElo "2404"]
[BlackElo "2481"]
[Result "1-0"]
[Round "04"]
[TimeControl "180+2"]
[Date "2023.05.16"]
[WhiteClock "0:00:47"]
[BlackClock "0:00:06"]

1. c4 Nf6 2. Nc3 e6 3. g3 d5 4. b3 Be7 5. Bg2 O-O 6. Nf3 c5 7. O-O d4 8. Na4 Nc6 9. Ba3 Nd7 10. e3 e5 11. exd4 cxd4 12. Bxe7 Qxe7 13. Re1 Re8 14. Rc1 Nc5 15. Nxc5 Qxc5 16. d3 Bg4 17. h3 Bh5 18. g4 Bg6 19. Nh4 a5 20. Qd2 a4 21. bxa4 Rxa4 22. Rb1 Rb4 23. Nxg6 Rxb1 24. Rxb1 hxg6 25. Rxb7 Ra8 26. Rc7 Ra6 27. Qb2 Qb4 28. Qe2 Qb1+ 29. Kh2 Rxa2 30. Qf3 Nd8 31. Rc8 Qb6 32. Qd5 Rxf2 33. Qxd8+ Qxd8 34. Rxd8+ Kh7 35. c5 Rc2 36. c6 f5 37. Kg1 Rc1+ 38. Kf2 Rc2+ 39. Ke1 Rxg2 40. c7 Rc2 41. c8=Q Rxc8 42. Rxc8 Kh6 43. Kf2 Kg5 44. Kg3 e4 45. h4+ Kf6 46. Kf4 exd3 1-0


[Site "https://www.chess.com"]

[Event "Titled Tuesday Blitz May 16 Late 2023"]
[White "Liu, Casper"]
[Black "Alex_Sahakyan2006"]
[WhiteFideId "1454153"]
[WhiteElo "2221"]
[BlackElo "2677"]
[Result "0-1"]
[Round "04"]
[TimeControl "180+2"]
[Date "2023.05.16"]
[WhiteClock "0:00:15"]
[BlackClock "0:00:05"]

1. e4 c5 2. Nf3 d6 3. c3 Nf6 4. h3 g6 5. Bd3 Bg7 6. Bc2 O-O 7. O-O Nc6 8. d4 cxd4 9. cxd4 Nb4 10. Nc3 Nxc2 11. Qxc2 d5 12. e5 Ne4 13. Qb3 Nxc3 14. bxc3 b6 15. Ba3 Ba6 16. Rfe1 Rc8 17. e6 f6 18. Rac1 Bh6 19. Rb1 Bd3 20. Rbd1 Bc4 21. Qb2 Bf4 22. Nd2 Ba6 23. Nf1 Bd6 24. Ne3 Bb7 25. Rc1 f5 26. c4 dxc4 27. Nxc4 Bxa3 28. Qxa3 Qxd4 29. Qxe7 Ba8 30. Ne3 Rce8 31. Qd7 Qxd7 32. exd7 Rd8 33. Rc7 Kf7 34. Rxa7 Bc6 35. Nc4 Kf6 36. Rd1 Ke7 37. Nxb6 Rf6 38. Re1+ Kf7 39. Rd1 Ke7 40. Nc8+ Kf7 41. Rc7 Bb5 42. Na7 Ba4 43. Rd4 Ra6 44. Nc8 Kf6 45. f4 Ke6 46. Nb6 Rxb6 47. Rxa4 Rxd7 48. Rxd7 Kxd7 49. Ra7+ Ke6 50. Rxh7 Rb4 51. Ra7 Rxf4 52. Ra6+ Kf7 53. Kh2 Kg7 54. a4 Rb4 55. Ra7+ Kh6 56. h4 Rxh4+ 57. Kg3 Rb4 58. Kf3 Kg5 59. a5 Rb3+ 60. Kf2 Ra3 61. Ra6 Kh5 62. Ra8 Kg4 63. Ra6 g5 64. Ra8 Ra2+ 65. Kf1 Kg3 66. a6 g4 67. a7 Ra1+ 68. Ke2 Kxg2 69. Rf8 Rxa7 70. Rxf5 Re7+ 71. Kd1 g3 72. Rg5 Kf3 73. Kd2 g2 74. Rg6 Re5 75. Rf6+ Kg4 0-1


[Site "https://www.chess.com"]

[Event "Titled Tuesday Blitz May 16 Late 2023"]
[White "Mihajlov, Sebastian"]
[Black "Rottenwohrer Suarez, Juan"]
[WhiteFideId "1512110"]
[BlackFideId "32068182"]
[WhiteElo "2478"]
[BlackElo "2174"]
[Result "1-0"]
[Round "04"]
[TimeControl "180+2"]
[Date "2023.05.16"]
[WhiteClock "0:00:08"]
[BlackClock "0:00:00"]

1. e4 c5 2. Nf3 g6 3. d4 cxd4 4. Nxd4 Nc6 5. c4 Nf6 6. Nc3 d6 7. Be2 Nxd4 8. Qxd4 Bg7 9. Be3 O-O 10. Qd2 a5 11. O-O a4 12. Rac1 Qa5 13. h3 Be6 14. f4 Rfc8 15. b3 axb3 16. axb3 Qb4 17. f5 Bd7 18. fxg6 hxg6 19. e5 dxe5 20. Rxf6 Bxf6 21. Qxd7 Qxb3 22. Nd5 Rd8 23. Qb5 Qxb5 24. Nxf6+ exf6 25. cxb5 Rac8 26. Ra1 Ra8 27. Rxa8 Rxa8 28. b6 f5 29. Bc5 Rd8 30. g4 Kg7 31. Kf2 Rd5 32. Be7 Rd7 33. Bc5 Rd5 34. Be7 Rd7 35. Ba3 Kf6 36. Ke3 Ke6 37. Bc4+ Kf6 38. Be2 f4+ 39. Kf3 Rd4 40. Bb2 Rb4 41. Ba1 Rb3+ 42. Kf2 Rxb6 43. g5+ Kf5 44. Bg4+ Ke4 45. Bf3+ Kd3 46. Bxe5 Rb4 47. Be2+ Kd2 48. Bf6 b5 49. Kf3 Rb3+ 50. Kf2 b4 51. Bf1 Rb1 52. Be5 b3 53. Bxf4+ Kd1 54. Be2+ Kc2 55. Ke3 Rh1 56. Bd3+ Kc3 57. Be5+ Kb4 58. Kd4 Ka3 59. Bd6+ Ka2 60. Bc4 Rxh3 61. Be5 Rh4+ 62. Kc3 Rh3+ 63. Kb4 Rf3 64. Bf6 Rh3 65. Bxf7 Rf3 66. Bd5 1-0


[Site "https://www.chess.com"]

[Event "Titled Tuesday Blitz May 16 Late 2023"]
[White "Gritsenko, Nikolai"]
[Black "Fan_Of_Chucky"]
[WhiteFideId "14112493"]
[WhiteElo "2389"]
[BlackElo "2447"]
[Result "1-0"]
[Round "04"]
[TimeControl "180+2"]
[Date "2023.05.16"]
[WhiteClock "0:00:19"]
[BlackClock "0:00:08"]

1. d4 Nf6 2. Bg5 Ne4 3. h4 d5 4. Nd2 h6 5. Nxe4 dxe4 6. Bf4 Bf5 7. e3 e6 8. g4 Bh7 9. Ne2 Bd6 10. Bg2 c6 11. Qd2 Qc7 12. Bxd6 Qxd6 13. Ng3 f5 14. gxf5 exf5 15. h5 Nd7 16. Bh3 O-O 17. Ne2 Nf6 18. Nf4 Nd5 19. O-O-O Nxf4 20. exf4 Rad8 21. Rhg1 Rd7 22. c3 Rfd8 23. Qe3 Qd5 24. b3 Qa5 25. Kb2 c5 26. Bf1 cxd4 27. Bc4+ Kh8 28. cxd4 Qb6 29. d5 Qxe3 30. fxe3 b5 31. Bxb5 Rxd5 32. Rxd5 Rxd5 33. Bc4 Rd2+ 34. Kc3 Rxa2 35. Rd1 g6 36. Rd8+ Kg7 37. Rd7+ Kh8 38. Rd8+ Kg7 39. Rd7+ Kh8 40. hxg6 Bxg6 41. Rc7 h5 42. Kd4 Ra5 43. b4 Ra3 44. Ke5 Rc3 45. Kf6 Be8 46. Rc8 Kh7 47. Bg8+ Kxg8 48. Rxc3 h4 49. Rc2 Bd7 50. Rh2 Kf8 51. Rxh4 Kg8 52. Rh5 Bc8 53. Rxf5 Bxf5 54. Kxf5 Kf7 55. Kxe4 Ke7 56. f5 Kf7 57. Ke5 Ke7 58. e4 Kf7 59. f6 a5 60. bxa5 1-0


[Site "https://www.chess.com"]

[Event "Titled Tuesday Blitz May 16 Late 2023"]
[White "Kaplan, Avi Harrison"]
[Black "Rosen, Eric"]
[WhiteFideId "30934559"]
[BlackFideId "2032562"]
[WhiteElo "1983"]
[BlackElo "2331"]
[Result "1-0"]
[Round "04"]
[TimeControl "180+2"]
[Date "2023.05.16"]
[WhiteClock "0:00:14"]
[BlackClock "0:00:02"]

1. a3 d5 2. Nf3 Bf5 3. b4 e6 4. Bb2 Nf6 5. e3 c5 6. bxc5 Bxc5 7. Be2 Nbd7 8. O-O Qb6 9. Qc1 Rc8 10. d3 O-O 11. h3 h6 12. Nbd2 a5 13. Rb1 Qa7 14. Bd4 Rc7 15. Nb3 b6 16. Nxc5 bxc5 17. Bc3 Rfc8 18. Qd2 a4 19. Rb5 c4 20. Bd4 Qa6 21. Rfb1 cxd3 22. Bxd3 Ne4 23. Qb4 Qc6 24. Rb7 Ndc5 25. Rxc7 Qxc7 26. Bxc5 Qxc5 27. Qxc5 Rxc5 28. Rb8+ Kh7 29. Ra8 Nc3 30. Bxf5+ exf5 31. Nd4 Kg6 32. Ra6+ f6 33. Ra7 Nb5 34. Ra5 Rc3 35. Nxb5 Rxc2 36. Rxa4 Rc1+ 37. Kh2 Rc2 38. Rf4 Kf7 39. Rxf5 Rb2 40. Nd4 Ra2 41. Rxd5 Rxa3 42. Rd7+ Kg6 43. Ne6 Ra2 44. Rxg7+ Kf5 45. Nd4+ Ke4 46. Kg3 Kd5 47. Rg6 Ke5 48. Rxh6 Ke4 49. Rxf6 Ra8 50. Rf4+ Kd3 51. Kf3 Kd2 52. Nf5 Rh8 53. h4 Ke1 54. g3 Ra8 55. Rd4 Ra2 56. g4 Rxf2+ 57. Kg3 Rf1 58. h5 Rg1+ 59. Kh4 Rh1+ 60. Kg5 Kf2 61. h6 Kf3 62. Rf4+ Ke2 63. Kg6 Kd3 64. h7 Kc2 65. Kg7 Kb2 66. h8=Q Rc1 67. Qd8 Rc2 68. Qd3 Kb1 69. Qxc2+ Ka1 70. Qf2 Kb1 71. Kf6 Ka1 72. Ke5 1-0


[Site "https://www.chess.com"]

[Event "Titled Tuesday Blitz May 16 Late 2023"]
[White "Maltsevskaya, Aleksandra"]
[Black "BenchGM"]
[WhiteFideId "24174041"]
[WhiteElo "2302"]
[BlackElo "2428"]
[Result "1-0"]
[Round "04"]
[TimeControl "180+2"]
[Date "2023.05.16"]
[WhiteClock "0:00:06"]
[BlackClock "0:00:02"]

1. e4 c5 2. Nc3 a6 3. g3 b5 4. Bg2 Bb7 5. f4 e6 6. d3 d5 7. exd5 Nf6 8. Nf3 exd5 9. O-O Be7 10. d4 O-O 11. a4 b4 12. Nb1 Nc6 13. Nbd2 Qb6 14. Nb3 c4 15. Nbd2 Nxd4 16. Kh1 Ng4 17. Nxd4 Qxd4 18. Qxg4 c3 19. bxc3 Qxc3 20. Nb3 Qxc2 21. Nd4 Qc3 22. Nf5 Qxa1 23. Nxe7+ Kh8 24. Nf5 Bc8 25. Qg5 Bxf5 26. Qxf5 Rac8 27. Be3 Qc3 28. Bg1 Rcd8 29. Rd1 d4 30. Be4 g6 31. Qf6+ Kg8 32. Bxd4 Rxd4 33. Qxd4 Qb3 34. Bd5 Qxa4 35. h4 Qc2 36. h5 Qf5 37. Kg2 Qxh5 38. Rh1 Qe2+ 39. Qf2 Qd3 40. Bf3 Re8 41. Rd1 Qc3 42. Qd4 Qc2+ 43. Rd2 Qf5 44. Bd5 b3 45. Bxb3 Qb5 46. Qd5 Re2+ 47. Kh3 Qxd5 48. Rxd5 Re3 49. Rd8+ Kg7 50. Bc4 Re7 51. Bxa6 h6 52. Bc4 g5 53. fxg5 hxg5 54. Rd5 Kg6 55. Rd6+ f6 56. Bd3+ Kh6 57. Rxf6+ Kg7 58. Rg6+ Kf7 59. Rxg5 Re3 60. Bc4+ Kf6 61. Rg4 Re4 62. Rxe4 Kf5 63. Rf4+ Ke5 64. Kg4 1-0


[Site "https://www.chess.com"]

[Event "Titled Tuesday Blitz May 16 Late 2023"]
[White "QuiesPrecatio"]
[Black "Mendez Fortes, Eduardo Jesus"]
[BlackFideId "3502376"]
[WhiteElo "2395"]
[BlackElo "2307"]
[Result "0-1"]
[Round "04"]
[TimeControl "180+2"]
[Date "2023.05.16"]
[WhiteClock "0:00:01"]
[BlackClock "0:00:32"]

1. Nf3 d5 2. d4 Nf6 3. c4 e6 4. Nc3 Bb4 5. cxd5 exd5 6. Bg5 h6 7. Bh4 O-O 8. Qc2 g5 9. Bg3 Ne4 10. Nd2 Bf5 11. Ndxe4 Bxe4 12. Qd2 Nc6 13. h4 Qf6 14. e3 Rfe8 15. O-O-O g4 16. h5 Na5 17. Rh4 Qe6 18. Be2 Bf5 19. Bd3 Be7 20. Rhh1 Nc4 21. Qc2 Bxd3 22. Rxd3 c6 23. Kb1 b5 24. Ka1 a5 25. Ne2 a4 26. Nf4 Qf5 27. Rc3 Qxc2 28. Rxc2 b4 29. Rcc1 b3 30. a3 Bxa3 31. Rxc4 Bxb2+ 32. Kxb2 dxc4 33. Ra1 c5 34. d5 Reb8 35. Ne2 a3+ 36. Rxa3 Rxa3 37. Kxa3 b2 38. Nc3 b1=Q 39. Nxb1 Rxb1 40. Be5 Rb3+ 41. Ka4 Rb7 42. d6 f5 43. f3 gxf3 44. gxf3 Kf7 45. e4 Ke6 46. Bf4 c3 47. e5 c2 48. Ka3 Rb1 49. Ka2 c1=Q 0-1


[Site "https://www.chess.com"]

[Event "Titled Tuesday Blitz May 16 Late 2023"]
[White "Kourkoulos-Arditis, Stamatis"]
[Black "Kielinkei"]
[WhiteFideId "4221990"]
[WhiteElo "2400"]
[BlackElo "2430"]
[Result "1-0"]
[Round "04"]
[TimeControl "180+2"]
[Date "2023.05.16"]
[WhiteClock "0:00:27"]
[BlackClock "0:00:06"]

1. e4 c5 2. Nf3 d6 3. d4 cxd4 4. Nxd4 Nf6 5. Nc3 Nc6 6. Be2 e5 7. Nf3 Be7 8. O-O O-O 9. Bg5 h6 10. Bxf6 Bxf6 11. Nd5 Be6 12. c3 Bg5 13. Qb3 Qd7 14. Rad1 Ne7 15. Bc4 Nxd5 16. Bxd5 Bxd5 17. Rxd5 Qc7 18. Rfd1 Be7 19. a4 Kh8 20. Qc2 Qc8 21. Nd2 Qe6 22. Nc4 Rad8 23. Qd3 g6 24. Nxd6 f5 25. Nc4 fxe4 26. Qxe4 Rxd5 27. Qxd5 Qxd5 28. Rxd5 Bf6 29. Nd6 b6 30. Ne4 Bg7 31. g3 Rc8 32. a5 bxa5 33. Rxa5 Rc7 34. Kg2 Kg8 35. Ra6 g5 36. Kf3 Kf8 37. Kg4 Ke7 38. Kf5 Kf7 39. f3 Ke7 40. Kg6 Bf8 41. b4 Rb7 42. Nc5 Rc7 43. Re6+ Kd8 44. Rxe5 Rc6+ 45. Re6 Rxe6+ 46. Nxe6+ Ke7 47. Nxf8 Kxf8 48. Kxh6 Ke7 49. Kxg5 Kd7 50. h4 Kc7 51. h5 Kb7 52. h6 Kc7 53. h7 Kb6 54. h8=Q a5 55. Qd8+ Kb5 56. Qxa5+ 1-0


[Site "https://www.chess.com"]

[Event "Titled Tuesday Blitz May 16 Late 2023"]
[White "Iliaguev, Nisim"]
[Black "Mickiewicz, Piotr"]
[WhiteFideId "2817276"]
[BlackFideId "1114891"]
[WhiteElo "2241"]
[BlackElo "2246"]
[Result "1/2-1/2"]
[Round "04"]
[TimeControl "180+2"]
[Date "2023.05.16"]
[WhiteClock "0:00:08"]
[BlackClock "0:00:06"]

1. d4 Nf6 2. g3 c5 3. Nf3 cxd4 4. Nxd4 e5 5. Nb3 d5 6. Bg2 Be7 7. O-O O-O 8. Bg5 Nbd7 9. N1d2 h6 10. Bxf6 Nxf6 11. c4 d4 12. Ne4 Nxe4 13. Bxe4 Be6 14. Rc1 Qc7 15. Qd3 Rfd8 16. Rfd1 Rac8 17. Bf5 Bxf5 18. Qxf5 g6 19. Qd3 f5 20. c5 Bg5 21. Rc2 Qf7 22. Na5 e4 23. Qb5 b6 24. Nc6 Rxc6 25. Qxc6 d3 26. exd3 exd3 27. Rc3 d2 28. cxb6 axb6 29. f4 Bf6 30. Rc2 Bd4+ 31. Kg2 Be3 32. Qf3 Qe6 33. Rc3 Bc5 34. a3 Re8 35. b4 Qe2+ 36. Qxe2 Rxe2+ 37. Kh3 Be3 38. Rxe3 Rxe3 39. Rxd2 Rxa3 40. Rd6 Kg7 41. Rxb6 Rb3 42. Kh4 Rb2 43. h3 Rb3 44. g4 fxg4 45. hxg4 Rb1 46. b5 Kf7 47. Rb7+ Kf6 48. b6 g5+ 49. fxg5+ hxg5+ 50. Kg3 Rb3+ 51. Kf2 Kg6 52. Rb8 Rb4 53. b7 Kg7 54. Ke3 Rb1 55. Ke4 Re1+ 56. Kf5 Rb1 57. Kxg5 Rb5+ 58. Kh4 Rb2 59. Kg5 Rb1 60. Kf5 Rb5+ 61. Ke4 Rb1 62. g5 Re1+ 63. Kd5 Rd1+ 64. Kc4 Rc1+ 65. Kd3 Rb1 66. Kd4 Rb4+ 67. Kc5 Rb1 68. Kd6 Rd1+ 69. Ke6 Re1+ 70. Kf5 Rf1+ 71. Kg4 Rb1 72. g6 Rb4+ 73. Kf5 Rb5+ 74. Ke6 Rb1 75. Kd7 Rd1+ 76. Kc7 Rc1+ 77. Kd7 Rd1+ 78. Ke6 Re1+ 79. Kf5 Rb1 80. Ke4 Re1+ 81. Kd3 Rb1 82. Kc2 Rb6 83. Kc1 Rb5 84. Kc2 Rb4 85. Kc3 Rb6 86. Kc4 Rb1 87. Kc5 Rc1+ 88. Kd4 Rd1+ 89. Kc3 Rb1 90. Kd2 Rb6 91. Ke2 Rb5 92. Ke3 Rb4 93. Kf3 Rb1 94. Ke4 Rb5 95. Kd4 Rb1 96. Kc4 Rc1+ 97. Kb3 Rb1+ 98. Ka2 Rb6 99. Ka3 Rb5 100. Ka4 Rb1 101. Ka3 Rb6 102. Ka2 Rb5 103. Ka1 Rb4 104. Ka2 Rb5 105. Ka3 Rb6 106. Ka4 Rb1 107. Ka5 Ra1+ 108. Kb6 Rb1+ 109. Kc7 Rc1+ 110. Kd6 Rd1+ 111. Ke5 Rb1 112. Kf4 Rb2 113. Kf5 Rb3 114. Re8 Rb5+ 115. Re5 Rxb7 116. Kg5 Kg8 117. Kh6 Rb8 118. Re7 Ra8 119. Rh7 Rb8 120. Rg7+ Kh8 121. Rc7 Kg8 122. Rd7 Ra8 123. Rd5 Rb8 124. Rf5 Ra8 125. Rf6 Rb8 126. Rf7 Rc8 127. Rg7+ Kh8 128. Rd7 Kg8 129. Kg5 Rc1 130. Rd8+ Kg7 131. Rd7+ Kg8 132. Rd5 Rg1+ 133. Kf6 Rf1+ 134. Rf5 Ra1 135. Re5 Ra6+ 136. Re6 Ra8 137. Re7 Ra6+ 138. Re6 Ra8 139. Rb6 Rc8 140. g7 Rd8 141. Re6 Rc8 142. Kg6 Rc6 143. Rxc6 1/2-1/2


[Site "https://www.chess.com"]

[Event "Titled Tuesday Blitz May 16 Late 2023"]
[White "Vaglio Munoz, Jaime"]
[Black "Popilski, Gil"]
[WhiteFideId "6500145"]
[BlackFideId "2809060"]
[WhiteElo "2199"]
[BlackElo "2537"]
[Result "0-1"]
[Round "04"]
[TimeControl "180+2"]
[Date "2023.05.16"]
[WhiteClock "0:01:12"]
[BlackClock "0:00:49"]

1. Nf3 Nf6 2. c4 e6 3. b3 d5 4. Bb2 Be7 5. g3 O-O 6. Bg2 c5 7. cxd5 Nxd5 8. O-O Nc6 9. d3 b6 10. Nbd2 Bb7 11. Ne5 Qc7 12. Nxc6 Bxc6 13. Nc4 Nb4 14. a3 Bxg2 15. Kxg2 Nc6 16. Rc1 Rad8 17. e4 Qd7 18. Qg4 f6 19. Rfd1 e5 20. Qxd7 Rxd7 21. Kf3 Rfd8 22. Ke2 Nd4+ 23. Bxd4 Rxd4 24. Ne3 Kf7 25. Nd5 Bd6 26. Ke3 Ke6 27. f4 exf4+ 28. gxf4 f5 29. Rc4 fxe4 30. Rxd4 cxd4+ 31. Kxe4 Bxa3 32. f5+ Kd6 33. Nf4 Re8+ 34. Kxd4 Bb2+ 35. Kc4 Rc8+ 36. Kb4 Rc5 37. d4 Bc3+ 38. Ka4 Ra5# 0-1


[Site "https://www.chess.com"]

[Event "Titled Tuesday Blitz May 16 Late 2023"]
[White "Korchmar, Vasiliy"]
[Black "Rodriguez Santiago, Jaime"]
[WhiteFideId "24131750"]
[BlackFideId "3100898"]
[WhiteElo "2370"]
[BlackElo "2025"]
[Result "0-1"]
[Round "04"]
[TimeControl "180+2"]
[Date "2023.05.16"]
[WhiteClock "0:00:00"]
[BlackClock "0:00:18"]

1. e4 c6 2. d4 d5 3. e5 Bf5 4. Nd2 e6 5. Nb3 c5 6. dxc5 Bxc5 7. Bb5+ Nc6 8. Nf3 Ne7 9. O-O Bb6 10. Nbd4 Bg4 11. Bg5 Bxf3 12. gxf3 Rc8 13. f4 Bxd4 14. Qxd4 a6 15. Bxc6+ Rxc6 16. Qd3 Qc7 17. c3 Nf5 18. Kh1 h6 19. Qh3 Rc4 20. Rg1 Qb6 21. Bh4 Rxf4 22. Bg3 Rc4 23. Qg2 Qc6 24. Rad1 Ke7 25. Rd3 Rd8 26. Rgd1 d4 27. Qxc6 bxc6 28. f3 Rd5 0-1


[Site "https://www.chess.com"]

[Event "Titled Tuesday Blitz May 16 Late 2023"]
[White "Defend1r"]
[Black "Buchenau, Frank"]
[BlackFideId "4604350"]
[WhiteElo "2641"]
[BlackElo "2157"]
[Result "0-1"]
[Round "04"]
[TimeControl "180+2"]
[Date "2023.05.16"]
[WhiteClock "0:00:46"]
[BlackClock "0:00:21"]

1. e4 e6 2. d4 d5 3. Nc3 Nf6 4. e5 Nfd7 5. f4 c5 6. Nf3 Nc6 7. Ne2 Be7 8. c3 b5 9. a3 Rb8 10. g3 a5 11. dxc5 Nxc5 12. Ned4 Nxd4 13. Nxd4 Bd7 14. Be3 O-O 15. Bd3 Nxd3+ 16. Qxd3 b4 17. axb4 axb4 18. O-O bxc3 19. bxc3 Qc7 20. Rfb1 Rfc8 21. Rxb8 Rxb8 22. Nf3 Bc5 23. Kg2 Rb2+ 24. Kh3 g6 25. Ra8+ Kg7 26. Bxc5 Qxc5 27. Nd4 Bb5 28. Qe3 Bf1+ 29. Kg4 h5+ 30. Kf3 Bg2# 0-1


[Site "https://www.chess.com"]